 Dungeon Crawl Stone Soup version 0.32-a0-938-g40ac7a0 (webtiles) character file.

Game seed: 10790271836183281003

225132 Wizard1ke the Fencer (level 19, -6/124 HPs)
             Began as a Tengu Warper on Apr 15, 2024.
             Was the Champion of Beogh.
             Mangled by the 26-headed Lernaean hydra (8 damage)
             ... on level 4 of the Swamp.
             The game lasted 01:25:38 (35827 turns).

Wizard1ke the Fencer (Tengu Warper)                Turns: 35827, Time: 01:25:38

Health: -6/124     AC: 20    Str: 13    XL:     19   Next: 31%
Magic:  0/32       EV: 23    Int: 15    God:    Beogh [******]
Gold:   4021       SH:  0    Dex: 23    Spells: 12/34 levels left

rFire   + . .        a - +7 triple sword (protect)
rCold   + + .        (shield currently unavailable)
rNeg    . . .        R - +1 robe of Vines {NoPotionHeal Regen++++}
rPois   +            f - +2 hat {Stlth+}
rElec   .            h - +2 cloak {rF+}
rCorr   .            W - +0 pair of gloves "Jacefuum" {rPois rC+}
SInv    +            (boots unavailable)
Will    +++..        q - amulet "Puddyont" {Spirit +Blink rC+ Will++ Dex-2}
Stlth   +++          C - +6 ring of dexterity
HPRegen 3.60/turn    k - +4 ring of protection
MPRegen 0.23/turn

%: acrobat, guardian spirit
@: brilliant, under a protective aura, flying, very slightly contaminated,
studying Throwing
A: walk on water, beak, talons 3, evasive flight, acrobatic
}: 1/15 runes: gossamer
a: Renounce Religion, Evoke Blink, Smiting, Recall Apostles, Blood for Blood,
Dismiss Bogwald, priest, Dismiss Hilgar, priest, Dismiss Pellinorc, warrior


You were on level 4 of the Swamp.
You worshipped Beogh.
Beogh was exalted by your worship.
You visited 6 branches of the dungeon, and saw 31 of its levels.
You also visited: Bailey, Ice Cave and Volcano.

You collected 4451 gold pieces.
You spent 430 gold pieces at shops.

Inventory:

Hand Weapons
 a - a +7 triple sword of protection (weapon)
 b - a +1 scimitar of flaming
Missiles
 d - 9 darts of dispersal
 i - 15 silver javelins
 m - 19 boomerangs
 o - 5 javelins
 M - 4 curare-tipped darts
Armour
 f - a +2 hat of stealth (worn)
 h - a +2 cloak of fire resistance (worn)
 R - the +1 robe of Vines (worn) {NoPotionHeal Regen++++}
   (You found it on level 13 of the Dungeon)

   NoPotionHeal: Its wearer cannot be healed by potions.
   Regen++++: It increases your rate of health regeneration.
 W - the +0 pair of gloves "Jacefuum" (worn) {rPois rC+}
   (You acquired it on level 15 of the Dungeon)

   rC+:       It protects you from cold.
   rPois:     It protects you from poison.
Jewellery
 e - the ring of the Forsaken Portals {rPois rF++}
   (You acquired it on level 7 of the Dungeon)

   [ring of poison resistance]

   rF++:      It greatly protects you from fire.
   rPois:     It protects you from poison.
 k - a +4 ring of protection (right hand)
 q - the amulet "Puddyont" (around neck) {Spirit +Blink rC+ Will++ Dex-2}
   (You acquired it in a bailey)

   [amulet of guardian spirit]

   Spirit:    It causes incoming damage to be divided between your reserves of
   health and magic.
   Dex-2:     It affects your dexterity (-2).
   rC+:       It protects you from cold.
   Will++:    It greatly increases your willpower.
   +Blink:    It lets you blink.
 s - a ring of resist corrosion
 C - a +6 ring of dexterity (left hand)
 N - an amulet of magic regeneration
 T - a +4 ring of slaying
 X - a ring of magical power
Talismans
 r - a granite talisman
Wands
 l - a wand of digging (15)
 v - a wand of warping (20)
 A - a wand of acid (7)
 D - a wand of flame (99)
 L - a wand of mindburst (2)
 U - a wand of charming (44)
Scrolls
 c - 5 scrolls of blinking
 j - 5 scrolls of vulnerability
 p - 2 scrolls of amnesia
 u - 12 scrolls of teleportation
 y - 4 scrolls of poison
 z - 2 scrolls of silence {!r}
 B - a scroll of butterflies
 H - 4 scrolls of revelation
 O - 5 scrolls of fog
 Q - 3 scrolls of torment
 Y - 3 scrolls of immolation
 Z - 4 scrolls of enchant armour
Potions
 g - 8 potions of attraction
 n - 9 potions of haste
 t - 8 potions of curing
 w - 5 potions of brilliance
 x - 4 potions of invisibility
 E - 6 potions of resistance
 F - 19 potions of ambrosia
 G - 4 potions of enlightenment
 I - 2 potions of mutation
 J - 9 potions of lignification
 K - 2 potions of might {unknown}
 P - 10 potions of heal wounds
 V - 4 potions of cancellation
Miscellaneous
 S - a lightning rod (4/4)


   Skills:
 - Level 15.0 Fighting
 - Level 18.0 Long Blades
 - Level 1.0 Throwing
 - Level 1.1 Armour
 - Level 10.0 Dodging
 - Level 8.0 Spellcasting
 - Level 17.3 Translocations
 - Level 8.0 Air Magic
 - Level 8.0 Invocations
 + Level 7.5 Shapeshifting


You had 12 spell levels left.
You knew the following spells:

 Your Spells              Type           Power      Damage    Failure   Level
a - Blink                 Tloc           100%       N/A       0%          2
b - Lesser Beckoning      Tloc           100%       N/A       0%          2
c - Maxwell's Portable P  Tloc           72%        2d(12-35) 1%          3
d - Vhi's Electric Charg  Tloc/Air       100%       N/A       1%          4
e - Passage of Golubria   Tloc           72%        N/A       1%          4
f - Manifold Assault      Tloc           36%        N/A       9%          7

Your spell library contained the following spells:

 Spells                   Type           Power      Damage    Failure   Level
 Momentum Strike          Conj/Tloc      94%        3d10      1%          2
 Swiftness                Air            45%        N/A       1%          3
 Teleport Other           Tloc           72%        N/A       1%          3
 Dispersal                Tloc           36%        N/A       1%          6
 Gell's Gavotte           Tloc           36%        2d(27-41) 1%          6
 Mercury Vapours          Alch/Air       54%        N/A       3%          2
 Dimensional Bullseye     Hex/Tloc       23%        N/A       3%          4
 Summon Forest            Summ/Tloc      23%        N/A       10%         5
 Foxfire                  Conj/Fire      36%        2x1d5     12%         1
 Freeze                   Ice            36%        1d5       12%         1
 Magic Dart               Conj           36%        1d4       12%         1
 Necrotise                Necr           36%        1d5       12%         1
 Mephitic Cloud           Conj/Alch/Air  20%        N/A       12%         3
 Ensorcelled Hibernation  Hex/Ice        18%        N/A       19%         2
 Searing Ray              Conj           18%        2d5       19%         2
 Summon Lightning Spire   Summ/Air       27%        N/A       22%         4
 Call Canine Familiar     Summ           9%         N/A       34%         3
 Confusing Touch          Hex            9%         N/A       34%         3
 Frozen Ramparts          Ice            18%        1d3       34%         3
 Fugue of the Fallen      Necr           9%         N/A       34%         3
 Hailstorm                Conj/Ice       9%         3d6       34%         3
 Inner Flame              Hex/Fire       9%         N/A       34%         3
 Ozocubu's Armour         Ice            9%         N/A       34%         3
 Passwall                 Erth           9%         N/A       34%         3
 Sigil of Binding         Hex            9%         N/A       34%         3
 Stone Arrow              Conj/Erth      18%        3d8       34%         3
 Tukima's Dance           Hex            9%         N/A       34%         3
 Vampiric Draining        Necr           9%         2d6       34%         3
 Silence                  Hex/Air        13%        N/A       54%         5
 Animate Armour           Summ/Erth      18%        N/A       75%         4
 Flame Wave               Conj/Fire      9%         2d6       75%         4
 Fulminant Prism          Conj/Alch      4%         3d5       75%         4
 Ignite Poison            Fire/Alch      9%         N/A       75%         4
 Martyr's Knell           Necr/Summ      9%         N/A       75%         4
 Petrify                  Alch/Erth      9%         N/A       75%         4
 Sticky Flame             Fire/Alch      9%         2d5       75%         4
 Freezing Cloud           Conj/Ice/Air   10%        6-21      75%         5
 Alistair's Intoxication  Alch           6%         N/A       97%         5
 Curse of Agony           Necr           9%         N/A       97%         5
 Lee's Rapid Deconstruct  Erth           4%         3d5*      97%         5
 Metabolic Englaciation   Hex/Ice        4%         N/A       97%         5
 Summon Mana Viper        Hex/Summ       9%         N/A       97%         5
 Yara's Violent Unravell  Hex/Alch       4%         3d4       97%         5
 Plasma Beam              Fire/Air       13%        2x1d24    98%         6
 Eringya's Noxious Bog    Alch           4%         4d6       100%        6
 Starburst                Conj/Fire      4%         6d4       100%        6
 Summon Hydra             Summ           4%         N/A       100%        7
 Ignition                 Fire           4%         3d4       100%        8
 Lehudib's Crystal Spear  Conj/Erth      4%         10d3      100%        8
 Fire Storm               Conj/Fire      4%         8d1       100%        9
 Polar Vortex             Ice            4%         N/A       100%        9


Dungeon Overview and Level Annotations

Branches:
Dungeon (15/15)            Temple (1/1) D:5            Lair (5/5) D:10
  Swamp (4/4) Lair:3       Spider (4/4) Lair:3        Slime (0/5) Lair:4
    Orc (2/2) D:11            Elf (0/3) Orc:2        Vaults (0/5) D:14
 Depths (0/4) D:15         Bailey (visited)           IceCv (visited)
Volcano (visited)

Altars:
Ashenzari
Cheibriados
Dithmenos
Elyvilon
Fedhas
Gozag
Hepliaklqana
Kikubaaqudgha
Makhleb
Nemelex Xobeh
Okawaru
Qazlal
Sif Muna
Trog
Uskayaw
Vehumet
Wu Jian
Xom
Yredelemnul
Zin
The Shining One
Beogh
Jiyva

Shops:
D:2 (   D:3 *   D:15 [   Orc:2 ([*:

Annotations:
Lair:3 3 runed translucent doors, exclusion: 3 doors, move's ghost, journeyman TrEE
Lair:4 2 transporters, 1 runed translucent door, exclusion: door, bochi's ghost, journeyman FoFi
Swamp:4 Lernaean hydra
Spider:1 1 runed translucent door, exclusion: door, Vyamof's ghost, adept OnSh


Innate Abilities, Weirdness & Mutations

You can walk on water.
Your facial features are unmistakably orcish.
You have a beak for a mouth.
You have claws for feet.
Your magical flight helps you evade attacks. (EV +4)
You can magically evade attacks while moving or waiting.


Message History

The 26-headed Lernaean hydra misses you.
The thorn hunter gestures.
Okay, then.
Okay, then.
Okay, then.
Okay, then.
As you read the scroll of revelation, it crumbles to dust.
You feel aware of your surroundings.
A six-headed hydra comes into view.
You are no longer firmly anchored in space.
You are no longer robbed of momentum.
The thorn hunter gestures.
The 26-headed Lernaean hydra closely misses you.
The 26-headed Lernaean hydra bites you.
* * * LOW HITPOINT WARNING * * *
The 26-headed Lernaean hydra bites you but does no damage.
The 26-headed Lernaean hydra bites you!
* * * LOW HITPOINT WARNING * * *
The 26-headed Lernaean hydra bites you!
* * * LOW HITPOINT WARNING * * *
The 26-headed Lernaean hydra barely misses you.
The 26-headed Lernaean hydra completely misses you.
The 26-headed Lernaean hydra bites you but does no damage.
The 26-headed Lernaean hydra completely misses you.
The 26-headed Lernaean hydra barely misses you.
The 26-headed Lernaean hydra closely misses you.
The 26-headed Lernaean hydra misses you.
The 26-headed Lernaean hydra closely misses you.
The 26-headed Lernaean hydra bites you.
* * * LOW HITPOINT WARNING * * *
The 26-headed Lernaean hydra completely misses you.
The 26-headed Lernaean hydra bites you!
* * * LOW HITPOINT WARNING * * *
The 26-headed Lernaean hydra barely misses you.
The 26-headed Lernaean hydra completely misses you. x2
The 26-headed Lernaean hydra misses you.
The 26-headed Lernaean hydra completely misses you.
The 26-headed Lernaean hydra bites you but does no damage. x2
The 26-headed Lernaean hydra bites you!
You die...

** **~***** #..~##≈♣ ♣♣♣♣~.~.♣
♣♣♣ *** ######†###.♣♣♣♣♣♣♣.~.♣
♣♣≈#♣♣♣ ♣♣≈###†§#≈♣♣♣♣~♣ ♣.~.♣♣
♣≈≈~~≈♣♣♣♣♣.≈#...#.♣♣PP♣♣♣♣....♣♣
♣~≈≈≈≈♣♣≈≈≈♣.#...~♣♣≈PP...♣..~~<.
♣~≈≈≈≈≈~≈#≈♣♣..~.♣♣≈♣PP#~.~....~.
♣≈~#~≈≈#...≈♣~~..♣♣~.PP~~~.♣♣♣♣♣.
♣...≈.≈~♣.§§~~♣.D....PP.~..♣♣♣♣♣♣
♣.~....~...~~♣÷f@~...#P.~~~...♣
~......~#....~.~.....PP.~~~.~~♣
♣..~..~~..~~..♣♣♣♣♣♣DPP.÷~.~~.♣♣♣
♣.~.......~♣.♣~♣♣♣♣..PP.~.§~~~~~♣
.~..~~.~.~~§..~.♣♣.~~§P~~~~~~~~~~
..~...~~~.~.....♣♣~.~~~§~~~~~~~~~
~~.~~.....~...~)♣~♣~.....~/~~§~~~
~....~......♣♣~....~..~♣~~§~~~~~§
.~~§..~~~.~♣♣♣♣~....♣♣♣~~~~~~~~~~


You could see the 26-headed Lernaean hydra, a thorn hunter and a six-headed
hydra.

Vanquished Creatures
  Mlioglotl (Spider:3)
  Agnes (D:14)
  4 thorn hunters
  A fenstrider witch (Swamp:4)
  4 ghost moths
  3 emperor scorpions
  A broodmother (Spider:3)
  3 eleionomae
  4 bunyips
  2 entropy weavers
  2 shambling mangroves
  Fannar (Lair:3)
  A vault guard (D:14)
  11 hydras
  An ogre mage (Orc:2)
  9 alligators
  2 centaur warriors (D:15)
  2 ghost crabs
  2 catoblepae (Lair:5)
  4 jorogumos
  7 death yaks (Lair:5)
  7 boulder beetles
  2 two-headed ogres (Orc:2)
  3 demonic crawlers
  A tengu warrior (D:15)
  2 orc high priests
  Sonja (Orc:2)
  6 spriggan druids
  2 orb spiders
  5 pharaoh ants
  5 goliath frogs
  11 swamp dragons
  An arcanist (D:15)
  3 bog bodies
  5 steelbarb worms
  2 orc knights
  2 deep elf pyromancers
  18 wolf spiders
  3 manticores
  An orc sorcerer (Orc:2)
  17 ugly things
  4 cyclopes
  3 moths of wrath (Spider:3)
  4 will-o-the-wisps
  13 meliai
  2 oklob plants
  7 elephants
  2 ice statues (IceCv)
  3 kobold blastminers (Orc:1)
  A cane toad (shapeshifter) (D:14)
  5 cane toads
  3 black mambas
  A yaktaur (D:15)
  2 torpor snails (Spider:2)
  An efreet (D:9)
  2 komodo dragons (Lair:5)
  4 rime drakes
  A tengu conjurer (D:9)
  2 bloated husks
  A red devil (Volcano)
  A queen bee (Lair:2)
  A hellwing (D:12)
  7 hornets
  2 polar bears (D:11)
  2 trolls (D:12)
  A hornet (shapeshifter) (D:15)
  7 blink frogs
  6 tarantellas
  5 tyrant leeches
  15 jumping spiders
  A dream sheep (Lair:3)
  3 slime creatures (D:12)
  11 culicivoras
  A vampire (D:14)
  Sigmund (D:2)
  46 yaks
  Eustachio (D:4)
  7 spriggans
  2 wraiths (Lair:5)
  2 fire bats (Volcano)
  4 wyverns
  4 basilisks
  2 wargs (Orc:1)
  34 redbacks
  5 vampire mosquitoes
  Edmund (D:4)
  An acid dragon (D:9)
  12 swamp worms
  5 swamp drakes
  3 water moccasins
  2 ice beasts (D:6)
  3 black bears
  8 orc warriors
  6 ogres
  A boggart (D:9)
  3 wolves
  13 centaurs
  3 kobold brigands
  6 bullfrogs
  14 wights
  An elephant simulacrum (IceCv)
  25 killer bees (Lair:2)
  3 electric eels
  A howler monkey (D:8)
  2 lava snakes (Volcano)
  3 hounds
  2 jellies
  2 gnoll boudas
  6 orc priests
  2 iguanas
  10 orc wizards
  Natasha (twice) (D:2)
  2 wolf simulacra (IceCv)
  18 gnolls
  9 adders
  2 shadow imps (D:5)
  3 white imps
  A howler monkey simulacrum (D:11)
  2 ufetubi (D:5)
  A ribbon worm (D:12)
  3 dart slugs
  23 orcs
  12 bats
  3 endoplasms (D:1)
  3 giant cockroaches
  9 goblins
  11 hobgoblins
  4 jackals
  5 quokkas
  8 ball pythons
  A frilled lizard (D:2)
  3 hobgoblin zombies (D:5)
  11 kobolds
  An orc skeleton (D:5)
  An orc zombie (D:5)
  5 rats
676 creatures vanquished.

Vanquished Creatures (collateral kills)
  Gastronok (Lair:1)
  Roxanne (Swamp:3)
  3 thorn hunters (Swamp:2)
  A fenstrider witch (Swamp:2)
  5 emperor scorpions
  A frost giant (D:15)
  3 ghost moths
  An orc warlord (Orc:2)
  2 broodmothers
  3 bunyips
  2 eleionomae
  A spark wasp (Spider:3)
  A shambling mangrove (Swamp:2)
  Josephine (Lair:5)
  2 entropy weavers
  8 hydras
  A catoblepas (Lair:5)
  5 boulder beetles
  A jorogumo (Spider:1)
  A death knight (D:15)
  A ghost crab (Swamp:3)
  2 radroaches (Spider:4)
  2 centaur warriors (D:13)
  3 alligators
  The ghost of NahIdwin the Mimic, a journeyman OpSh of Gozag (Lair:5)
  3 two-headed ogres
  4 death yaks (Lair:5)
  4 demonic crawlers
  A tengu warrior (D:15)
  A skyshark (Lair:5)
  3 pharaoh ants
  A goliath frog (Swamp:3)
  3 spriggan druids
  A sun moth (Spider:1)
  4 bog bodies (Swamp:3)
  2 orc knights
  2 swamp dragons (Swamp:3)
  An obsidian statue (Volcano)
  4 orb spiders
  5 steelbarb worms
  3 ugly things
  2 orc sorcerers
  4 manticores
  A cyclops (D:9)
  An oklob plant (Swamp:2)
  8 wolf spiders
  A moth of wrath (Spider:3)
  4 elephants
  An ice statue (IceCv)
  A black mamba (Lair:4)
  4 torpor snails
  A smoke demon (Volcano)
  An unseen horror (D:10)
  3 cane toads (Lair:5)
  A kobold demonologist (D:12)
  A komodo dragon (Lair:4)
  A red devil (Volcano)
  An ice devil (D:12)
  3 trolls
  2 polar bears (D:11)
  2 tyrant leeches
  8 hornets
  4 tarantellas
  A blink frog (Lair:2)
  22 jumping spiders
  4 slime creatures (D:12)
  A centaur simulacrum (D:11)
  4 wraiths
  3 spriggans
  4 wyverns
  23 yaks
  10 culicivoras
  2 fire bats (Volcano)
  2 death yak simulacra (IceCv)
  A steam dragon (D:8)
  A warg (Orc:2)
  35 redbacks
  9 vampire mosquitoes
  3 swamp worms
  A hydra simulacrum (IceCv)
  A hell hound (Volcano)
  2 harpy simulacra (IceCv)
  5 water moccasins
  2 acid dragons
  3 swamp drakes
  9 orc warriors
  2 ogres (Orc:1)
  2 black bears (D:10)
  A wolf (D:10)
  5 centaurs
  4 bullfrogs
  2 gnoll sergeants (D:12)
  A cane toad simulacrum (IceCv)
  3 wights
  A howler monkey (D:8)
  3 lava snakes (Volcano)
  An iguana (D:10)
  An orc wizard (D:10)
  A wolf simulacrum (IceCv)
  4 gnolls
  A shadow imp (D:12)
  A howler monkey simulacrum (D:11)
  4 white imps
  2 orcs
  7 goblins
  5 hobgoblins (Bailey)
  2 kobolds (D:10)
  10 foxfires
361 creatures vanquished.

Vanquished Creatures (others)
  13 orc apostles
  A swamp dragon (Swamp:3)
  4 orc knights
  An orc sorcerer (Orc:2)
  A bloated husk (Swamp:2)
  6 orc warriors
  7 orc priests
  3 orc wizards (Orc:2)
  A gnoll (Bailey)
  18 orcs
  2 goblins (Bailey)
  2 hobgoblins (Bailey)
  260 foxfires
319 creatures vanquished.

Grand Total: 1356 creatures vanquished

Notes
Turn   | Place    | Note
-------+----------+-------------------------------------------
     0 | D:1      | Wizard1ke the Tengu Warper began the quest for the Orb.
     0 | D:1      | Reached XP level 1. HP: 12/12 MP: 4/4
   132 | D:1      | Reached XP level 2. HP: 16/18 MP: 6/6
   459 | D:1      | Reached XP level 3. HP: 22/23 MP: 7/7
   993 | D:2      | Noticed Natasha
  1001 | D:2      | Killed Natasha
  1002 | D:2      | Reached XP level 4. HP: 29/29 MP: 8/8
  1077 | D:2      | Reached skill level 5 in Fighting
  1108 | D:2      | Reached XP level 5. HP: 35/35 MP: 9/9
  1126 | D:2      | Found Emmerch's Weapon Shop.
  1167 | D:2      | Found an ornate altar of the Wu Jian Council.
  1244 | D:2      | Became a worshipper of Beogh the Shepherd
  1309 | D:2      | Noticed Sigmund
  1329 | D:2      | Killed Sigmund
  1330 | D:2      | Reached skill level 5 in Long Blades
  1330 | D:2      | Reached XP level 6. HP: 33/40 MP: 10/10
  1578 | D:2      | Noticed Natasha
  1581 | D:2      | Killed Natasha
  1605 | D:3      | Found a faded altar of an unknown god.
  2087 | D:3      | Reached * piety under Beogh
  2262 | D:3      | Identified the +1 robe of Salvation {rElec rF+ Int-5}
  2281 | D:3      | Found a transporter.
  2283 | D:3      | Found Uwkodex's General Store.
  2324 | D:3      | Found a transporter.
  2331 | D:3      | Bought a potion of curing for 36 gold pieces
  2331 | D:3      | Bought a scroll of poison for 48 gold pieces
  2615 | D:4      | Noticed Edmund
  2640 | D:4      | Killed Edmund
  2641 | D:4      | Gained mutation: Your magical flight helps you evade
                  | attacks. (EV +4) [Tengu growth]
  2641 | D:4      | Reached XP level 7. HP: 17/45 MP: 11/11
  2759 | D:4      | Identified the +2 helmet of Rationality {Rampage rCorr
                  | Stlth+}
  2896 | D:4      | Noticed Eustachio
  2908 | D:4      | Killed Eustachio
  2909 | D:4      | Reached skill level 6 in Long Blades
  3583 | D:5      | Entered Level 5 of the Dungeon
  3585 | D:5      | Found a staircase to the Ecumenical Temple.
  3591 | Temple   | Entered the Ecumenical Temple
  3638 | D:5      | Reached skill level 7 in Long Blades
  3638 | D:5      | Reached XP level 8. HP: 42/52 MP: 12/12
  3826 | D:5      | Found a glowing golden altar of the Shining One.
  3846 | D:5      | Reached ** piety under Beogh
  3926 | D:2      | Bought a +0 scimitar for 52 gold pieces
  4479 | D:5      | Learned a level 2 spell: Blink
  4482 | D:5      | Learned a level 2 spell: Lesser Beckoning
  4486 | D:5      | Learned a level 3 spell: Maxwell's Portable Piledriver
  4635 | D:6      | Reached skill level 8 in Long Blades
  5481 | D:6      | Reached XP level 9. HP: 38/59 MP: 13/13
  5860 | D:6      | Reached skill level 9 in Long Blades
  6054 | D:7      | Identified 2 scrolls of acquirement
  6055 | D:7      | Acquired the ring of the Forsaken Portals {rPois rF++}
  6061 | D:7      | Acquired a +2 triple sword of protection
  6511 | D:7      | Found an ancient bone altar of Kikubaaqudgha.
  6741 | D:7      | Learned a level 4 spell: Vhi's Electric Charge
  6885 | D:8      | Reached *** piety under Beogh
  6905 | D:8      | Noticed Dorog
  6951 | D:8      | Anointed Dorog the warrior as your apostle
  7139 | D:8      | Reached skill level 10 in Long Blades
  7816 | D:9      | Reached XP level 10. HP: 68/68 MP: 14/14
  7901 | D:9      | Found a runed translucent door.
  7906 | D:9      | Reached skill level 10 in Fighting
  7931 | D:9      | Noticed Korbok
  7940 | D:9      | Anointed Korbok the warrior as your apostle
  7964 | D:9      | Noticed a manticore
  7970 | D:9      | Killed a manticore
  8010 | D:9      | Noticed a wolf spider
  8010 | D:9      | Noticed a cyclops
  8014 | D:9      | Killed a wolf spider
  8015 | D:9      | Reached skill level 11 in Long Blades
  8015 | D:9      | Killed a cyclops
  8016 | D:9      | Reached skill level 5 in Translocations
  8230 | D:9      | Reached skill level 12 in Long Blades
  8590 | D:9      | Found a white marble altar of Elyvilon.
  8635 | D:10     | Entered Level 10 of the Dungeon
  8641 | D:10     | Reached **** piety under Beogh
  8659 | D:10     | Found a flagged portal.
  8689 | Bailey   | Entered a bailey
  8817 | Bailey   | Reached XP level 11. HP: 70/72 MP: 15/15
  8853 | Bailey   | Acquired the amulet "Puddyont" {Spirit +Blink rC+ Will++
                  | Dex-2}
  8866 | Bailey   | Acquired a manual of Throwing
  8922 | Bailey   | Noticed an orc warlord
  9025 | Bailey   | Pacified an orc warlord
  9150 | Bailey   | Got Hoad's Grimoire of Kindled Signs
  9365 | D:10     | Found a staircase to the Lair.
  9476 | D:10     | Found a broken altar of Ashenzari.
  9652 | D:10     | Found a shimmering blue altar of Sif Muna.
  9653 | D:10     | Found a burning altar of Makhleb.
  9654 | D:10     | Found a bloodstained altar of Trog.
  9796 | D:11     | Identified the +2 dagger "Tocsehiad" {flame, rPois rF- rN+
                  | rCorr}
  9796 | D:11     | Noticed Orik
  9805 | D:11     | Anointed Orik the wizard as your apostle
  9894 | D:11     | Found a frozen archway.
  9944 | IceCv    | Entered an ice cave
  9964 | IceCv    | Noticed a white ugly thing
  9975 | IceCv    | Killed a white ugly thing
 10106 | IceCv    | Reached skill level 5 in Dodging
 10238 | IceCv    | Noticed a white ugly thing
 10247 | IceCv    | Killed a white ugly thing
 10248 | IceCv    | Reached ***** piety under Beogh
 10464 | D:11     | Found a staircase to the Orcish Mines.
 10506 | D:11     | Reached skill level 13 in Long Blades
 10506 | D:11     | Noticed a manticore
 10507 | D:11     | Your ally Orik died
 10509 | D:11     | Reached XP level 12. HP: 80/80 MP: 16/16
 10787 | D:11     | Noticed a two-headed ogre
 10793 | D:11     | Killed a two-headed ogre
 11192 | Lair:1   | Entered Level 1 of the Lair of Beasts
 11243 | Lair:1   | Noticed Gastronok
 11266 | Lair:1   | Killed Gastronok
 11443 | Lair:1   | Found a dark tunnel.
 11453 | Volcano  | Entered a volcano
 11568 | Volcano  | Reached skill level 14 in Long Blades
 11676 | Volcano  | Found a bloodstained altar of Trog.
 11753 | Volcano  | Found a radiant altar of Vehumet.
 12833 | Lair:2   | Reached XP level 13. HP: 65/87 MP: 11/17
 13571 | Lair:2   | You are sucked into a shaft and drop 1 floor!
 13601 | Lair:3   | Found a hole to the Spider Nest.
 13710 | Lair:2   | Reached skill level 15 in Long Blades
 13732 | Lair:2   | Identified the +7 dire flail of Patterns {heavy, Fly Int+6}
 13732 | Lair:2   | Noticed Syrus
 13734 | Lair:2   | Was placed under penance by Beogh
 14055 | Lair:3   | Found a runed translucent gate.
 14055 | Lair:3   | Found a runed translucent gate.
 14055 | Lair:3   | Found a runed translucent gate.
 14059 | Lair:3   | Noticed move's ghost (journeyman TrEE)
 14203 | Lair:3   | Noticed a minotaur
 14501 | Lair:3   | Reached skill level 10 in Dodging
 14618 | Lair:3   | Noticed Fannar
 14629 | Lair:3   | Killed Fannar
 14705 | Lair:3   | Paralysed by a hornet for 1 turns
 14930 | Lair:3   | Was forgiven by Beogh
 14955 | Lair:3   | Found a staircase to the Swamp.
 15207 | Lair:3   | Got the Monograph on Frozen Virulence
 15833 | Lair:4   | Found a transporter.
 15833 | Lair:4   | Found a transporter.
 15833 | Lair:4   | Noticed bochi's ghost (journeyman FoFi)
 15882 | Lair:4   | Reached skill level 16 in Long Blades
 15928 | Lair:4   | Found a runed translucent door.
 15929 | Lair:4   | Found a viscous altar of Jiyva.
 15929 | Lair:4   | Noticed an acid blob
 15932 | Lair:4   | Found a staircase to the Slime Pits.
 15948 | Lair:4   | Reached XP level 14. HP: 96/96 MP: 18/18
 16399 | Lair:5   | Entered Level 5 of the Lair of Beasts
 16401 | Lair:5   | Noticed Josephine
 16408 | Lair:5   | Reached skill level 1 in Air Magic
 16408 | Lair:5   | Killed Josephine
 16511 | Lair:5   | Found an opulent altar of Gozag.
 16699 | Lair:5   | Found a runed translucent door.
 16700 | Lair:5   | Noticed NahIdwin's ghost (journeyman OpSh)
 16813 | Lair:5   | Killed NahIdwin's ghost
 16970 | Lair:5   | Reached skill level 5 in Air Magic
 16987 | Lair:5   | Reached ****** piety under Beogh
 17186 | Lair:5   | Reached skill level 15 in Fighting
 17295 | Lair:5   | Reached skill level 17 in Long Blades
 17324 | Lair:5   | Got Xestae's Vademecum on Creative Mud
 18389 | D:12     | Reached XP level 15. HP: 94/103 MP: 16/19
 18392 | D:12     | Reached skill level 18 in Long Blades
 18708 | D:12     | Noticed Morbeogh
 18716 | D:12     | Your ally Dorog died
 18722 | D:12     | Anointed Morbeogh the wizard as your apostle
 18779 | D:12     | Found a snail-covered altar of Cheibriados.
 19151 | D:13     | Found the +1 robe of Vines {NoPotionHeal Regen++++}
 19475 | D:13     | Identified the +0 leather armour of Izxuerru {Will+ Regen+}
 19718 | D:13     | Your ally Morbeogh died
 19975 | Orc:1    | Entered Level 1 of the Orcish Mines
 19978 | Orc:1    | Reached skill level 10 in Translocations
 20603 | Orc:2    | Entered Level 2 of the Orcish Mines
 20603 | Orc:2    | Found a staircase to the Elven Halls.
 20648 | Orc:2    | Noticed an orc warlord
 20670 | Orc:2    | Killed an orc warlord
 20674 | Orc:2    | Your ally Korbok died
 20724 | Orc:2    | Your ally Dorog died
 20860 | Orc:1    | Reached skill level 1 in Invocations
 21047 | Orc:2    | Noticed Sonja
 21052 | Orc:2    | Killed Sonja
 21290 | Orc:2    | Found a roughly hewn altar of Beogh.
 21290 | Orc:2    | Found Taamy's Book Emporium.
 21293 | Orc:2    | Found Seididor's Antique Armour Emporium.
 21503 | Orc:2    | Found Cafeagut's Antique Weapon Emporium.
 21518 | Orc:2    | Found Sosayx's General Store.
 21525 | Orc:2    | Bought a potion of enlightenment for 60 gold pieces
 21525 | Orc:2    | Bought a potion of resistance for 120 gold pieces
 21525 | Orc:2    | Bought a scroll of identify for 24 gold pieces
 21525 | Orc:2    | Bought a scroll of enchant armour for 90 gold pieces
 21906 | D:14     | Noticed Agnes
 22008 | D:14     | Killed Agnes
 22505 | D:14     | Found a broken altar of Ashenzari.
 22844 | D:14     | Found a gate to the Vaults.
 22921 | D:15     | Entered Level 15 of the Dungeon
 22965 | D:15     | Reached XP level 16. HP: 108/108 MP: 13/20
 23073 | D:15     | Found Tesmiet's Antique Armour Shoppe.
 23303 | D:15     | Reached skill level 5 in Invocations
 23309 | D:15     | Acquired 1011 gold pieces
 23310 | D:15     | Acquired the scarf "Aniq" {shadows, rPois rC+}
 23317 | D:15     | Learned a level 4 spell: Passage of Golubria
 23317 | D:15     | Acquired a There-And-Back Book
 23318 | D:15     | Acquired the +0 pair of gloves "Jacefuum" {rPois rC+}
 23761 | D:15     | Found a staircase to the Depths.
 24119 | Spider:1 | Entered Level 1 of the Spider Nest
 24345 | Spider:1 | Found a runed translucent door.
 24345 | Spider:1 | Found a shimmering altar of Xom.
 24345 | Spider:1 | Noticed Vyamof's ghost (adept OnSh)
 24508 | Spider:1 | Your ally Morbeogh died
 24511 | Spider:1 | Anointed Bogwald the priest as your apostle
 25179 | Spider:1 | Identified the +0 cloak "Atococib" {-Tele rN++ Str+4}
 25492 | Spider:2 | Your ally Korbok died
 25952 | Spider:2 | Reached XP level 17. HP: 113/113 MP: 20/24
 26445 | Spider:3 | Reached skill level 5 in Spellcasting
 26630 | Spider:3 | Noticed Mlioglotl
 26642 | Spider:3 | Your ally Dorog died
 26703 | Spider:3 | Killed Mlioglotl
 26725 | Spider:3 | Learned a level 7 spell: Manifold Assault
 27010 | Spider:3 | Your ally Korbok died
 27295 | Spider:4 | Entered Level 4 of the Spider Nest
 27871 | Spider:4 | Reached skill level 15 in Translocations
 28907 | Spider:4 | Your ally Korbok died
 29072 | Spider:4 | Reached XP level 18. HP: 117/119 MP: 5/28
 29124 | Spider:4 | Got a gossamer rune of Zot
 29444 | Spider:3 | Identified the +7 flail of the Feather {venom, *Corrode
                  | rF++ SInv}
 29448 | Spider:3 | Paralysed by Hilgar for 1 turns
 29455 | Spider:3 | Anointed Hilgar the priest as your apostle
 29584 | Swamp:1  | Entered Level 1 of the Swamp
 29940 | Swamp:1  | Found a hazy altar of Hepliaklqana.
 31601 | Swamp:2  | Identified the +6 great sword "Ciraw" {holy, Dex+3}
 31613 | Swamp:2  | Anointed Pellinorc the warrior as your apostle
 33021 | Swamp:3  | Noticed Roxanne
 33032 | Swamp:3  | Killed Roxanne
 33183 | Swamp:3  | Reached skill level 1 in Shapeshifting
 33202 | Swamp:3  | Your ally Pellinorc died
 33204 | Swamp:3  | Your ally Hilgar died
 33211 | Swamp:3  | Your ally Bogwald died
 33361 | Swamp:3  | Found an ancient bone altar of Kikubaaqudgha.
 33372 | Swamp:3  | Reached XP level 19. HP: 93/124 MP: 7/32
 33579 | Swamp:3  | Reached skill level 5 in Shapeshifting
 33903 | Swamp:4  | Entered Level 4 of the Swamp
 35432 | Swamp:4  | Noticed the 27-headed Lernaean hydra
 35827 | Swamp:4  | HP: 2/124 [the 26-headed Lernaean hydra (5)]
 35827 | Swamp:4  | Mangled by the 26-headed Lernaean hydra

Illustrated notes

Levels and vault maps discovered:
D:1:      pf_arrival_petrified_forest, layout_loops_corners
D:2:      minmay_spotlight, layout_rooms, serial_shops, shop, basic_altar,
          st_stairs_11, uniq_natasha, uniq_sigmund
D:3:      layout_loops_ring, ebering_ecumenical_altar_rust, serial_shops,
          nicolae_shop_drivethru, hangedman_abyss_or_decor_stabs
D:4:      layout_basic, uniq_edmund, uniq_eustachio
D:5:      layout_loops_cross, nicolae_tso_besieged_by_evil,
          minmay_temple_entry_hall
D:6:      layout_basic
D:7:      layout_basic, mainiacjoe_overflow_alcove_2
D:8:      layout_basic
D:9:      layout_roguey, nicolae_overflow_hidden_temple, minivault_13
D:10:     layout_rooms, mainiacjoe_overflow_alcove_3, minmay_lair_entry_grove,
          enter_bailey_5, serial_library_hellmonk_reading_circle,
          lemuel_flamethrower_1
D:11:     layout_gridville, orc_0_dummy, serial_ice, serial_ice_j, serial_ice_b,
          serial_ice_d, serial_ice_c, portal_ice_cave_rime
D:12:     layout_loops_cross, cheibrodos_worm_habitat
D:13:     layout_irregular_city, hellmonk_guarded_unrand_vines
D:14:     layout_loops_corners, david_vaults_5, old_standard_altar, uniq_agnes
D:15:     grunt_enter_depths_snipers, layout_irregular_city, serial_shops, shop
Temple:   eino_narrow_crystal_temple
Lair:1:   layout_cave_pods, nicolae_volcano_entry_hallway, uniq_gastronok
Lair:2:   layout_layer_cave, special_room [special_room_bee],
          serial_bayou_shore_b
Lair:3:   nzn_winding_woodlands_small
          [nzn_winding_woodlands_5x15_pathside_ponds,
          nzn_winding_woodlands_center_diamonds,
          nzn_winding_woodlands_5x15_lazy_stream], layout_cave_pods,
          mainiacjoe_swamp_entry_angry_trees, spider_nest_entry_a,
          maelrawn_ghost_gauntlet_escape, serial_bayou_shore_b, uniq_fannar
Lair:4:   layout_hall_layers, slime_entry_2, gammafunk_ghost_arena
Lair:5:   evilmike_catoblepas_cave, layout_cave_pods, ebering_ghost_inner_flame,
          basic_altar, lemuel_fruit_tree, uniq_josephine
Swamp:1:  layout_basic_swamp, basic_altar
Swamp:2:  nicolae_swamp_phyte_club, layout_basic_swamp,
          nicolae_swamp_fairy_circle
Swamp:3:  layout_falls_marsh, hangedman_swamp_ruin_wall, grunt_ruined_hall,
          uniq_roxanne
Swamp:4:  swamp_old_school, layout_basic_swamp, swamp_pool_1_2
Spider:1: layout_cave_pods, ebering_ghost_xom
Spider:2: layout_spider_delve
Spider:3: nicolae_spider_hilbert_zone_5 [nicolae_spider_hilbert_3_sides_1_open,
          nicolae_spider_hilbert_4_sides_1_open,
          nicolae_spider_hilbert_4_sides_1_open,
          nicolae_spider_hilbert_6_sides_1_open,
          nicolae_spider_hilbert_6_sides_1_open], uniq_mlioglotl
Spider:4: grunt_spider_rune_circles
Orc:1:    layout_caves, nicolae_orc_hostile_takeover
Orc:2:    grunt_orc_cross, layout_caves, uniq_sonja

Skill      XL: |  1  2  3  4  5  6  7  8  9 10 11 12 13 14 15 16 17 18 19 |
---------------+----------------------------------------------------------+-----
Fighting       | 3 4 5 6 8 9 10 11 12 14 15 | 15.0
Long Blades    | 5 7 8 10 12 13 14 16 17 18 | 18.0
Translocations | 3 6 8 11 13 15 17 | 17.3
Dodging        | 5 8 10 | 10.0
Air Magic      | 8 |  8.0
Invocations    | 4 8 |  8.0
Spellcasting   | 4 6 8 |  8.0
Shapeshifting  | 4 7 |  7.5
Throwing       | |  1.0
Armour         | |  1.1

Action                     |  1- 3 |  4- 6 |  7- 9 | 10-12 | 13-15 | 16-18 | 19-21 || total
---------------------------+-------+-------+-------+-------+-------+-------+-------++-------
  Melee: Short sword       |    60 |   145 |   102 |       |       |       |       ||   307
         Falchion          |     7 |       |       |       |       |       |       ||     7
         Kick              |    13 |    41 |    93 |    78 |   275 |   241 |    54 ||   795
         Peck              |     8 |    21 |    69 |    71 |   176 |   155 |    36 ||   536
         Scimitar          |       |       |   149 |       |    34 |    19 |    21 ||   223
         Triple sword      |       |       |    54 |   267 |   617 |   713 |   156 ||  1807
  Throw: Javelin           |       |       |     2 |       |       |       |       ||     2
         Dart              |       |       |     1 |     1 |       |       |       ||     2
   Cast: Maxwell's Portabl |       |       |       |       |     1 |       |       ||     1
         Vhi's Electric Ch |       |       |       |       |     2 |    23 |       ||    25
         Blink             |       |       |       |       |       |     1 |       ||     1
         Manifold Assault  |       |       |       |       |       |    98 |    43 ||   141
 Invoke: Convert to Beogh  |       |     1 |       |       |       |       |       ||     1
         Recruit Apostle   |       |       |     1 |     2 |     1 |     3 |       ||     7
         Recall Apostles   |       |       |       |     5 |     8 |     9 |       ||    22
         Smiting           |       |       |       |     2 |       |     3 |       ||     5
         Dismiss Apostle   |       |       |       |       |     1 |     3 |       ||     4
         Blood for Blood   |       |       |       |       |       |     2 |       ||     2
  Evoke: Wand              |       |     2 |    14 |     2 |     5 |     3 |     3 ||    29
         Lightning rod     |       |       |       |       |     6 |     2 |       ||     8
    Use: Potion            |       |       |     2 |       |     1 |       |     1 ||     4
         Scroll            |       |       |    10 |    18 |    13 |    12 |     5 ||    58
   Stab: Distracted        |       |       |     2 |     4 |    12 |    27 |       ||    45
         Sleeping          |       |       |       |       |     5 |     1 |     1 ||     7
         Paralysed         |       |       |       |       |       |     1 |       ||     1
 Armour: Leather armour    |    14 |       |       |       |       |       |       ||    14
         Ring mail         |    16 |    72 |   153 |    80 |       |       |       ||   321
         Acid dragon scale |       |       |       |   144 |   238 |       |       ||   382
         Robe              |       |       |       |       |   137 |   479 |   134 ||   750
  Dodge: Dodged            |    44 |    66 |   258 |   301 |   775 |   971 |   217 ||  2632

Table legend: (Time is in decaauts)
 A = Elapsed time spent in this place.
 B = Non-inter-level travel time spent in this place.
 C = Inter-level travel time spent in this place.
 D = Time resting spent in this place.
 E = Time spent auto-exploring this place.
 F = Levels seen in this place.
 G = Mean time per level.
                   A        B        C        D        E       F      G
               +--------+--------+--------+--------+--------+-----+--------+
         Total |  35751 |  33869 |   1882 |   3751 |  22764 |  34 | 1051.5 |
       Dungeon |  14563 |  13682 |    881 |   1205 |   9465 |  15 |  970.9 |
        Temple |      1 |      1 |      0 |      0 |      0 |   1 |    1.0 |
          Lair |   6719 |   6057 |    662 |    400 |   4350 |   5 | 1343.8 |
         Swamp |   6193 |   6114 |     79 |    815 |   4436 |   4 | 1548.2 |
   Spider Nest |   5249 |   5081 |    168 |    452 |   3418 |   4 | 1312.2 |
  Orcish Mines |   1656 |   1566 |     90 |    239 |    989 |   2 |  828.0 |
        Bailey |    502 |    502 |      0 |    219 |      0 |   1 |  502.0 |
      Ice Cave |    489 |    489 |      0 |    324 |      4 |   1 |  489.0 |
       Volcano |    374 |    374 |      0 |     97 |    102 |   1 |  374.0 |
               +--------+--------+--------+--------+--------+-----+--------+

Top non-repeatable levels by time:
Spider:4: 1933 daAuts
 Swamp:2: 1800 daAuts
 Swamp:4: 1773 daAuts
 Swamp:3: 1651 daAuts
  Lair:5: 1642 daAuts
  Lair:2: 1546 daAuts
  Lair:3: 1500 daAuts
     D:6: 1412 daAuts
    D:14: 1217 daAuts
Spider:1: 1169 daAuts
Spider:3: 1115 daAuts
     D:3: 1107 daAuts
  Lair:1: 1099 daAuts
    D:15: 1041 daAuts
Spider:2: 1031 daAuts
